 Dungeon Sprint DCSS version 0.31-a0-836-g3ceb0a68c4 (webtiles) character file.

Game seed: 4559616010060627917

63 sircluck the Ruffian (level 3, -13/60 HPs)
             Began as a Troll Berserker on Sept 26, 2023.
             Was a Follower of Trog.
             Killed from afar by a molten gargoyle (34 damage)
             ... with a bolt of magma
             ... in the Dungeon (Sprint VII: "The Pits").
             The game lasted 00:00:12 (40 turns).

sircluck the Ruffian (Troll Berserker)                Turns: 40, Time: 00:00:12

Health: -13/60     AC:  4    Str: 27    XL:     3   Next: 87%
Magic:  2/2        EV: 10    Int:  3    God:    Trog [*.....]
Gold:   0          SH:  0    Dex:  9    Spells: 2/2 levels left

rFire   . .          .
                       - Unarmed
rCold   . . .        (no shield)
rNeg    . . .        a - +0 animal skin
rPois   .            (helmet restricted)
rElec   .            (no cloak)
rCorr   .            (gloves unavailable)
SInv    .            (boots unavailable)
Will    .....        (no amulet) Stlth
                     (no ring)
HPRegen 1.10/turn    (no ring)
MPRegen 0.08/turn

%: no teleportation
@: berserking (expiring), very quick
A: large, unfitting armour, claws 3, regeneration 1, shaggy fur 1, tough skin 1
a: Renounce Religion, Berserk


You were in the Dungeon.
You worshipped Trog.
Trog was aware of your devotion.
You visited 1 branch

Inventory:

Armour
 a - a +0 animal skin (worn)
Scrolls
 g - a scroll of blinking
Potions
 b - a potion of curing
 c - a potion of heal wounds
 d - a potion of haste
 e - 2 potions of magic
 f - a potion of berserk rage


   Skills:
 + Level 4.4 Fighting
 + Level 4.3 Dodging
 + Level 5.2 Unarmed Combat


You had 2 spell levels left.
You didn't know any spells.
Your spell library was empty.

Dungeon Overview and Level Annotations

Branches:
Dungeon (1/1)

Altars:


Innate Abilities, Weirdness & Mutations

You are too large for most types of armour.
You have claws for hands.
Your natural rate of healing is unusually fast.
You are covered in fur. (AC +1)
You have tough skin. (AC +1)


Message History

The ball of steam hits you.
You barely miss the water moccasin.
The water moccasin is heavily wounded.
You are engulfed in a cloud of scalding steam.
The water moccasin is engulfed in a cloud of scalding steam.
The water moccasin barely misses you.
You barely miss the water moccasin.
The water moccasin is heavily wounded.
The steam dragon bites you.
The steam dragon claws you but does no damage.
The water moccasin is engulfed in a cloud of scalding steam.
The water moccasin closely misses you.
You closely miss the water moccasin.
The water moccasin is almost dead.
You are engulfed in a cloud of scalding steam.
* * * LOW HITPOINT WARNING * * *
The water moccasin completely misses you.
The steam dragon closely misses you.
The steam dragon claws you but does no damage.
You claw the water moccasin!
You kill the water moccasin!
Trog accepts your kill.
Your Fighting skill gained 2 levels and is now at level 4!
Your Dodging skill gained 2 levels and is now at level 4!
Your Unarmed Combat skill gained 2 levels and is now at level 5!
You have reached level 2!
You have reached level 3!
Your experience leads to an increase in your attributes!
Increase (S)trength, (I)ntelligence, or (D)exterity?
You feel stronger. x3
Unknown command.
Unknown command.
Unknown command.
Unknown command.
You mangle the steam dragon!!
The steam dragon is severely wounded.
The molten gargoyle blasts magma at you!
The bolt of magma hits you!!
Ouch! That really hurt!
You die...

##########++######
#................#
#......#..#......#
#................+
+............§...+
#......#..#....§.#
#...........§....#
####'#####'@######
#.......##D§#
#.......##.9#
#.......##.§#
#...<...##..# #
#.......##..# .###
#.......##..#....##
#.......##..'...9.#
##########..'...S.+


You could see a molten gargoyle and a steam dragon.

Vanquished Creatures
  A water moccasin (D)
1 creature vanquished.

Notes
Turn   | Place    | Note
-------+----------+-------------------------------------------
     0 | D        | sircluck the Troll Berserker began the quest for the Orb.
     0 | D        | Reached XP level 1. HP: 22/22 MP: 0/0
    21 | D        | Noticed a molten gargoyle
    21 | D        | Noticed a water moccasin
    21 | D        | Noticed a steam dragon
    39 | D        | Killed a water moccasin
    40 | D        | Reached skill level 5 in Unarmed Combat
    40 | D        | Reached XP level 2. HP: 16/33 MP: 1/1
    40 | D        | Reached XP level 3. HP: 20/40 MP: 2/2
    40 | D        | Killed from afar by a molten gargoyle

Illustrated notes

Levels and vault maps discovered:
D:        pitsprint [storerooms_1, entrance_room_1, metal_vault_1, armoury_2,
          mini_pit_1, grid_room_1, main_hall_1, silver_pit, the_coven_2,
          the_vestibule_1, steel_vault_5, golden_pit, hallway_of_sentries,
          crystal_vault_4, iron_vault_4, final_vault]

Skill      XL: |  1 |
---------------+----+-----
Fighting       | 4 |  4.4
Dodging        | 4 |  4.3
Unarmed Combat | 5 |  5.2

Action                     || total
---------------------------++-------
  Melee: Unarmed           ||     6
 Invoke: Berserk           ||     1
 Armour: Animal skin       ||     8
  Dodge: Dodged            ||     5

Table legend: (Time is in decaauts)
 A = Elapsed time spent in this place.
 B = Non-inter-level travel time spent in this place.
 C = Inter-level travel time spent in this place.
 D = Time resting spent in this place.
 E = Time spent auto-exploring this place.
 F = Levels seen in this place.
 G = Mean time per level.
                   A        B        C        D        E       F      G
               +--------+--------+--------+--------+--------+-----+--------+
         Total |     37 |     37 |      0 |      0 |     21 |   1 |   37.0 |
       Dungeon |     37 |     37 |      0 |      0 |     21 |   1 |   37.0 |
               +--------+--------+--------+--------+--------+-----+--------+

Top non-repeatable levels by time:
       D: 37 daAuts
